 Dungeon Crawl Stone Soup version 0.22.1-1-ga44c0e56f4 (webtiles) character file.

305 Knicklaso the Cutter (level 6, 0/43 HPs)
             Began as a Halfling Abyssal Knight on Oct 3, 2018.
             Was a Priest of Lugonu.
             Succumbed to a gnoll sergeant's poison
             ... on level 4 of the Dungeon.
             The game lasted 00:12:46 (5650 turns).

Knicklaso the Cutter (Halfling Abyssal Knight)      Turns: 5650, Time: 00:12:47

Health: 0/43       AC:  8    Str: 13    XL:     6   Next: 66%
Magic:  8/8        EV: 13    Int: 10    God:    Lugonu [***...]
Gold:   153        SH:  0    Dex: 16    Spells: 5/5 levels left

rFire    + + .     SeeInvis +   a - +0 short sword (protect)
rCold    x . .     Gourm    .   (shield restricted)
rNeg     . . .     Faith    +   B - +2 leather armour {rF+}
rPois    .         Spirit   .   v - +0 helmet
rElec    .         Reflect  .   (no cloak)
rCorr    .         Harm     .   x - +1 pair of gloves
MR       .....                  (no boots)
Stlth    +.........             A - amulet of faith
HPRegen  0.14/turn              f - ring of see invisible
MPRegen  0.11/turn              k - ring of fire

@: lethally poisoned (0 -> -2)
A: small, mutation resistance 1
a: Depart the Abyss, Bend Space, Banish, Renounce Religion


You were on level 4 of the Dungeon.
You worshipped Lugonu.
Lugonu was most pleased with you.
You were near starving.

You visited 1 branch of the dungeon, and saw 5 of its levels.
You visited the Abyss 1 time.

You collected 231 gold pieces.
You spent 78 gold pieces at shops.

Inventory:

Hand Weapons
 a - a +0 short sword of protection (weapon)
 b - a +0 hunting sling
Missiles
 e - 133 stones (quivered)
 s - 28 sling bullets
Armour
 v - a +0 helmet (worn)
 x - a +1 pair of gloves (worn)
 B - a +2 leather armour of fire resistance (worn)
Jewellery
 f - a ring of see invisible (left hand)
 k - a ring of fire (right hand)
 A - an amulet of faith (around neck)
Wands
 j - a wand of enslavement (12)
Scrolls
 d - 3 scrolls of remove curse
 g - 4 scrolls of identify
 h - 2 scrolls of immolation {unknown}
 i - a scroll of blinking {unknown}
 l - 2 scrolls of fear
 o - a scroll of enchant weapon {unknown}
 p - 2 scrolls of teleportation
 r - a scroll of noise {unknown}
 w - a scroll of random uselessness {unknown}
Potions
 m - 2 potions of heal wounds {unknown}
 n - a potion of ambrosia
 q - 6 potions of haste {unknown}
 t - a potion of flight {unknown}
 u - a potion of berserk rage {unknown}
Comestibles
 c - 11 rations


   Skills:
 + Level 3.8 Fighting
 * Level 5.9 Short Blades
 - Level 2.1 Armour
 - Level 1.1 Dodging
 + Level 3.8 Invocations


You had 5 spell levels left.
You didn't know any spells.
Your spell library was empty.

Dungeon Overview and Level Annotations

Branches:
Dungeon (5/15)
 Temple: D:4-7

Altars:

Shops:
D:4 ?

Annotations:
D:5 2 transporters, jepeman's ghost, novice SpEn


Innate Abilities, Weirdness & Mutations

You are small and have problems with some larger weapons.
You are somewhat resistant to further mutation.


Message History

Things that are here:
a +0 pair of gloves; a +0 ring mail Space bends around you!
You blink.
You feel sick. The gnoll sergeant misses you.
You feel sick.
You feel sick.
You feel sick.
You feel sick.
You feel sick.
You feel sick.
You feel sick.
You feel sick.
You feel sick.
You feel sick.
You feel sick.
You feel sick.
You feel sick.
The gnoll sergeant hits you from afar with a trident of venom!
* * * LOW HITPOINT WARNING * * *
You die...

.###.#...###.##.......#####
..##...#.# #.##.......#
#.##...#.###.##.......#
...................>..#
..##...#.######.!....##
..##.###.............# ..##.#
#######.......#
..##.#########.###..##########
................@..g.........#
...........###.###...#######.####
.#.........# #.#.....# #..g.....#
.#.........# #.#[##..###.###.#.##
##.........###.#))...#.......#.#
.............#.#..#.........##.#
...........#.#.#..#..#...##..#.#
.....<######.#.#..#..........#.#
####### #.#.#..#....##.#..#.#


You could see a gnoll sergeant.

Vanquished Creatures
  An orc priest (D:5)
  An iguana (D:5)
  4 worker ants (D:4)
  A gnoll (D:5)
  4 adders
  A shadow imp (D:5)
  A dart slug (D:2)
  3 leopard geckos
  12 orcs
  8 bats
  3 giant cockroaches
  10 goblins
  7 hobgoblins
  6 jackals
  5 kobolds
  3 quokkas
  7 frilled lizards
  A leopard gecko skeleton (D:4)
  8 rats
86 creatures vanquished.

Notes
Turn   | Place    | Note
-------+----------+-------------------------------------------
     0 | Abyss:1  | Knicklaso the Halfling Abyssal Knight began the quest for
                  | the Orb.
     0 | Abyss:1  | Reached XP level 1. HP: 15/15 MP: 2/2
    44 | D:1      | Escaped the Abyss
   229 | D:1      | Reached XP level 2. HP: 13/20 MP: 3/3
   359 | D:1      | Reached skill level 3 in Short Blades
   867 | D:1      | Reached XP level 3. HP: 22/25 MP: 4/4
  1288 | D:2      | Reached ** piety under Lugonu
  2215 | D:2      | Reached XP level 4. HP: 31/31 MP: 5/5
  2453 | D:2      | Reached skill level 4 in Short Blades
  3623 | D:4      | Reached *** piety under Lugonu
  3676 | D:4      | Reached XP level 5. HP: 31/36 MP: 7/7
  3782 | D:4      | Found Uterywn's Magic Scroll Boutique.
  3790 | D:4      | Bought a scroll of teleportation for 36 gold pieces
  3790 | D:4      | Bought a scroll of fear for 42 gold pieces
  4216 | D:4      | Reached skill level 5 in Short Blades
  4715 | D:4      | Reached XP level 6. HP: 23/42 MP: 8/8
  4901 | D:5      | Entered Level 5 of the Dungeon
  5470 | D:5      | Noticed jepeman's ghost (novice SpEn)
  5471 | D:5      | Found a transporter.
  5471 | D:5      | Noticed an ogre
  5475 | D:5      | Found a transporter.
  5647 | D:4      | HP: 1/43 [gnoll sergeant/trident of venom (11)]
  5650 | D:4      | Succumbed to a gnoll sergeant's poison

Skill      XL: |  1  2  3  4  5 |
---------------+----------------+-----
Short Blades   | 3 4 5 |  5.9
Fighting       | 3 |  3.8
Invocations    | 3 |  3.8
Armour         | |  2.1
Dodging        | |  1.1

Action                   |  1- 3 |  4- 6 || total
-------------------------+-------+-------++-------
Melee: Short sword       |   118 |   126 ||   244
 Fire: Hunting sling     |       |   177 ||   177
Invok: Bend Space        |       |     1 ||     1
  Use: Potion            |     3 |       ||     3
       Scroll            |       |     4 ||     4
  Eat: Chunk             |     3 |    10 ||    13
Armor: Leather armour    |    35 |    37 ||    72
       Ring mail         |       |    26 ||    26
Dodge: Dodged            |    85 |   164 ||   249
